 Dungeon Crawl Stone Soup version 0.30.0-15-g856e2d3f33 (webtiles) character file.

Game seed: 10175063800823010364

39 Kenran the Chopper (level 3, -1/23 HPs)
             Began as a Gargoyle Fighter on May 19, 2023.
             Killed from afar by Sigmund (3 damage)
             ... with a magic dart
             ... on level 2 of the Dungeon.
             The game lasted 00:01:41 (1165 turns).

Kenran the Chopper (Gargoyle Fighter)               Turns: 1165, Time: 00:01:41

Health: -1/23      AC: 10    Str: 21    XL:     3   Next: 47%
Magic:  3/3        EV:  9    Int:  8    God:
Gold:   89         SH:  0    Dex:  9    Spells: 2/2 levels left

rFire   . . .        a - +0 war axe
rCold   . . .        c - +0 buckler
rNeg    + . .        b - +0 scale mail
rPois   ∞            (no helmet)
rElec   +            (no cloak)
rCorr   .            (no gloves)
SInv    .            (no boots)
Will    .....        (no amulet) Stlth
                     (no ring)
HPRegen 0.23/turn    (no ring)
MPRegen 0.08/turn

%: no passive effects
@: confused, mighty
A: sickness immunity, AC +3, negative energy resistance 1, electricity
resistance, torment resistance 1, petrification resistance
a: no special abilities


You were on level 2 of the Dungeon.
You visited 1 branch of the dungeon, and saw 2 of its levels.

You collected 89 gold pieces.

Inventory:

Hand Weapons
 a - a +0 war axe (weapon)
Armour
 b - a +0 scale mail (worn)
 c - a +0 buckler (worn)
Scrolls
 f - 2 scrolls of blinking
 g - 3 scrolls of teleportation
 h - 3 scrolls of enchant weapon
 i - 2 scrolls of amnesia
Potions
 d - a potion of might
 e - 2 potions of curing {unknown}
 j - a potion of heal wounds {unknown}


   Skills:
 - Level 3.2 Fighting
 + Level 3.4 Axes
 - Level 3.2 Armour
 - Level 3.2 Shields


You had 2 spell levels left.
You didn't know any spells.
Your spell library contained the following spells:

 Spells                   Type           Power      Damage    Failure   Level
 Inner Flame              Hex/Fire       0%         N/A       99%         3
 Flame Wave               Conj/Fire      0%         2d4       100%        4
 Sticky Flame             Conj/Fire      0%         2d3       100%        4


Dungeon Overview and Level Annotations

Branches:
Dungeon (2/15)

Altars:

Annotations:
D:2 Sigmund


Innate Abilities, Weirdness & Mutations

You are immune to sickness and miasma.
Your stone body is resilient. (AC +3)
You are immune to poison.
You resist negative energy. (rN+)
You are resistant to electric shocks. (rElec)
You are resistant to unholy torment.
You are immune to petrification.


Message History

You closely miss the jackal.
The jackal bites you but does no damage.
You block the jackal's attack.
You slash the jackal!
You kill the jackal!
No target in view!
No target in view!
As you open the door, it creaks loudly!
You open the door.
Found a sling.
As you open the door, it creaks loudly!
You open the door.
There is an open door here.
You open the door.
There is an open door here.
You open the door.
Sigmund the Dreaded comes into view.
He is wielding a +0 scythe and wearing a +0 robe of cold resistance.
Sigmund shouts!
Sigmund points at you and mumbles some strange words.
You are confused.
Found a leather armour.
You feel very mighty all of a sudden.
Sigmund hits you from afar with a +0 scythe.
A dart slug comes into view.
There is an open door here.
You bump into the rock wall.
Sigmund gestures at you while chanting.
You are more confused.
Sigmund hits you with a +0 scythe!
You slash Sigmund!
Sigmund is heavily wounded.
Sigmund gestures at you while chanting. The puff of flame hits you!
* * * LOW HITPOINT WARNING * * *
You miss Sigmund.
Sigmund is heavily wounded.
Sigmund screams, "I am the angel of ZOT!!!"
Sigmund points at you and mumbles some strange words.
The magic dart hits you.
You die...

.......
.................
......
##.####.####.####
...#.# #w#..'.'.)#.#8.#
#..#.# #.#..#.#..#.#..#
.†...#
##+#.##+#.##+#.##'#
#..###
...................
#..#
##+#.##'#.##+#.##+#
#..#####
#.@#.#..#.#..#.#..#
#......#
#[@'.'..#.#..'.'.(#
#.######
###.####.####.####.####
#.#
.......................
#.###
#######################
..†.# #...........
#.#.#### #.#.########
†........ ..# #.#.# #
....##### #.# #.###.#.#
# ...## #.# #.......# #


You could see Sigmund.

Vanquished Creatures
  5 giant cockroaches
  3 goblins
  3 hobgoblins
  5 jackals
  A quokka (D:2)
  5 ball pythons
  9 bats
  A frilled lizard (D:2)
  4 rats
36 creatures vanquished.

Notes
Turn   | Place    | Note
-------+----------+-------------------------------------------
     0 | D:1      | Kenran the Gargoyle Fighter began the quest for the Orb.
     0 | D:1      | Reached XP level 1. HP: 14/14 MP: 1/1
   210 | D:1      | Reached XP level 2. HP: 19/19 MP: 2/2
   766 | D:2      | Reached XP level 3. HP: 23/23 MP: 3/3
  1159 | D:2      | Noticed Sigmund
  1164 | D:2      | HP: 1/23 [Sigmund/puff of flame (11)]
  1165 | D:2      | Killed from afar by Sigmund

Illustrated notes

Levels and vault maps discovered:
D:1:      dpeg_arrival_snail, layout_basic
D:2:      minmay_door_path, layout_loops_corners, uniq_sigmund

Skill      XL: |  1  2 |
---------------+-------+-----
Axes           | 2 3 |  3.4
Fighting       | |  3.2
Armour         | |  3.2
Shields        | |  3.2

Action                     || total
---------------------------++-------
  Melee: War axe           ||    87
    Use: Scroll            ||     4
         Potion            ||     1
 Armour: Scale mail        ||    73
  Dodge: Dodged            ||    58
  Block: Buckler           ||    29
